 Dungeon Crawl Stone Soup version 0.16-a0-3855-gd2600ac (webtiles) character file.

106 abixa the Cudgeler (level 5, -1/38 HPs)
             Began as a Human Warper on Jan 31, 2015.
             Slain by Crazy Yiuf
             ... wielding a +4 quarterstaff of chaos
              (11 damage)
             ... on level 2 of the Dungeon.
             The game lasted 00:08:34 (2303 turns).

abixa the Cudgeler (Human Warper)                   Turns: 2303, Time: 00:08:34

Health: -1/38      AC:  4    Str: 12    XL:     5   Next: 10%
Magic:  6/9        EV: 12    Int: 14    God:
Gold:   125        SH:  0    Dex: 12    Spells: 2 memorised, 5 levels left

rFire  . . .     SeeInvis .     a - +1 mace
rCold  . . .     Clarity  .     b - +0 leather armour
rNeg   . . .     SustAb   .     (no shield)
rPois  .         Gourm    +     g - +1 hat {MR+}
rElec  .         Spirit   .     (no cloak)
rCorr  .         Warding  .     (no gloves)
rMut   .         Stasis   .     (no boots)
MR     +....                    B - amulet of the gourmand
Stlth  +.........               (no ring)
                                (no ring)

@: somewhat resistant to hostile enchantments, very unstealthy
A: no striking features
a: no special abilities


You were on level 2 of the Dungeon.
You were hungry.

You visited 1 branch of the dungeon, and saw 2 of its levels.

You collected 125 gold pieces.

Inventory:

Hand weapons
 a - a +1 mace (weapon)
 t - a +1 dagger of venom
 u - a +0 halberd of flaming
 y - a +0 hunting sling
Missiles
 e - 5 tomahawks of dispersal
 j - 18 bolts
 l - 86 stones (quivered)
Armour
 b - a +0 leather armour (worn)
 g - a +1 hat of magic resistance (worn)
Jewellery
 B - an amulet of the gourmand (around neck)
Scrolls
 d - a scroll of blinking
 o - a scroll of teleportation
 r - a scroll of enchant weapon
Potions
 k - a potion of ambrosia {unknown}
 n - a potion of curing {unknown}
 q - a potion of agility {unknown}
 x - a potion of heal wounds {unknown}
 z - a potion of degeneration {unknown}
 C - 2 potions of might {unknown}
Books
 c - a book of Spatial Translocations

   Spells                             Type                      Level
   a - Apportation                    Translocation                1
   b - Blink                          Translocation                2
   c - Shroud of Golubria             Charms/Translocation         2
   d - Portal Projectile              Translocation                3
   e - Teleport Other                 Translocation                3
   f - Passage of Golubria            Translocation                4
Comestibles
 f - 3 bread rations
 i - 2 meat rations
 v - a royal jelly


   Skills:
 - Level 2.0 Fighting
 + Level 4.8 Maces & Flails
 - Level 1.0 Throwing
 - Level 1.0 Armour
 - Level 2.0 Dodging
 - Level 2.0 Spellcasting
 - Level 3.0 Translocations


You had 5 spell levels left.
You knew the following spells:

 Your Spells              Type           Power        Failure   Level  Hunger
a - Apportation           Tloc           #.........   10%         1    ##.....
b - Blink                 Tloc           N/A          14%         2    ###....


Dungeon Overview and Level Annotations

Branches:
Dungeon (2/15)

Altars:
Ashenzari
Xom
Zin

Annotations:
D:2 Crazy Yiuf


Message History

Crazy Yiuf hits you with a quarterstaff of chaos.
Crazy Yiuf burns you.
Wield which item (- for none, * to show all)? (? for menu, Esc to quit)
Your +0 halberd of flaming stops flaming.
a - a +1 mace (weapon)
You completely miss Crazy Yiuf. Crazy Yiuf closely misses you.
You hit Crazy Yiuf.
Crazy Yiuf is moderately wounded.
Crazy Yiuf cries, "You leg down broken song, no?"
Crazy Yiuf hits you with a quarterstaff of chaos!
Crazy Yiuf draws strength from your injuries!
You thump Crazy Yiuf!
Crazy Yiuf is moderately wounded.
Crazy Yiuf hits you with a quarterstaff of chaos!
* * * LOW HITPOINT WARNING * * *
You feel your power leaking away.
You hit Crazy Yiuf but do no damage.
Crazy Yiuf is moderately wounded.
Crazy Yiuf hits you with a quarterstaff of chaos!
You die...

.#.....#####..# g. #.#
.............## .#
.#....."####.# ##.
.......)####.# #.#
.......#.....# ##.#
#.###.###.#..## #.##
##...## ##....# ##.##
#.###.###>##.## #g..##
.#####.#.###.## #@...#
..............# #....#
#######.#####.###....#
#.# #........# ..#
#####...## ### #####


You could see Crazy Yiuf.

Vanquished Creatures
  2 adders (D:2)
  4 gnolls
  A worm (D:2)
  A giant mite (D:1)
  A giant gecko (D:1)
  2 giant cockroaches (D:2)
  2 goblins
  5 hobgoblins
  4 jackals (D:2)
  A ball python (D:1)
  4 bats
  2 giant newts
  9 kobolds
  A quokka (D:2)
  5 rats
44 creatures vanquished.

Notes
Turn   | Place    | Note
--------------------------------------------------------------
     0 | D:1      | abixa, the Human Warper, began the quest for the Orb.
     0 | D:1      | Reached XP level 1. HP: 16/16 MP: 3/3
   251 | D:1      | Reached XP level 2. HP: 22/22 MP: 4/4
   759 | D:1      | Found a shattered altar of Ashenzari.
   872 | D:1      | Reached XP level 3. HP: 19/27 MP: 6/6
   876 | D:1      | Learned a level 2 spell: Blink
  1377 | D:2      | Reached skill level 4 in Maces & Flails
  1377 | D:2      | Reached XP level 4. HP: 28/33 MP: 7/7
  1794 | D:2      | Found a glowing silver altar of Zin.
  1797 | D:2      | Noticed an angel
  1800 | D:2      | Found a shimmering altar of Xom.
  1966 | D:2      | Reached XP level 5. HP: 20/38 MP: 9/9
  2289 | D:2      | Noticed Crazy Yiuf
  2303 | D:2      | Slain by Crazy Yiuf

Action                   |  1- 3 |  4- 6 || total
-------------------------+-------+-------++-------
Melee: Mace              |    64 |    94 ||   158
       Halberd           |       |     6 ||     6
Throw: Stone             |    13 |     2 ||    15
  Use: Scroll            |       |     6 ||     6
  Eat: Chunk             |     1 |     3 ||     4
